 Dungeon Crawl Stone Soup version 0.24.0-37-gcf1ca852f1 (webtiles) character file.

Game seed: 5465911705154922032, levelgen mode: deterministic

97 Iamsoldier the Charmwright (level 4, 0/38 HPs)
             Began as a Gnoll Skald on Nov 27, 2019.
             Slain by an orc (2 damage)
             ... on level 3 of the Dungeon.
             The game lasted 00:04:41 (2785 turns).

Iamsoldier the Charmwright (Gnoll Skald)            Turns: 2785, Time: 00:04:42

Health: 0/38       AC:  3    Str: 13    XL:     4   Next: 68%
Magic:  2/11       EV: 13    Int: 16    God:
Gold:   110        SH:  4    Dex: 15    Spells: 4/13 levels left

rFire    . . .     SeeInvis .   a - +0 spear
rCold    . . .     Gourm    .   o - +0 buckler
rNeg     . . .     Faith    .   b - +0 leather armour
rPois    .         Spirit   .   (no helmet)
rElec    .         Reflect  .   (no cloak)
rCorr    +         Harm     .   (no gloves)
MR       .....                  (no boots)
Stlth    ++........             (no amulet)
HPRegen  0.12/turn              r - ring of resist corrosion
MPRegen  0.12/turn              h - ring of flight

@: very slightly contaminated
A: distributed training, fangs 1, strong nose
a: Evoke Flight


You were on level 3 of the Dungeon.
You were not hungry.

You visited 1 branch of the dungeon, and saw 3 of its levels.

You collected 110 gold pieces.

Inventory:

Hand Weapons
 a - a +0 spear (weapon)
Armour
 b - a +0 leather armour (worn)
 o - a +0 buckler (worn)
Jewellery
 h - a ring of flight (right hand)
 r - a ring of resist corrosion (left hand)
Scrolls
 g - 2 scrolls of remove curse
 j - a scroll of immolation {unknown}
 l - 3 scrolls of identify {unknown}
 n - a scroll of noise {unknown}
 p - a scroll of teleportation {unknown}
Potions
 c - a potion of flight {unknown}
 e - a potion of agility {unknown}
 f - 2 potions of curing
 i - a potion of resistance {unknown}
 m - a potion of degeneration {unknown}
 q - a potion of ambrosia {unknown}
Comestibles
 d - 6 rations
 k - 2 chunks of flesh


   Skills:
 + Level 4.6 Fighting
 + Level 1.2 Short Blades
 + Level 1.2 Long Blades
 + Level 1.2 Axes
 + Level 1.2 Maces & Flails
 + Level 4.6 Polearms
 + Level 1.2 Staves
 + Level 1.2 Slings
 + Level 1.2 Bows
 + Level 1.2 Crossbows
 + Level 1.2 Throwing
 + Level 2.8 Armour
 + Level 4.6 Dodging
 + Level 1.2 Stealth
 + Level 1.2 Shields
 + Level 1.2 Unarmed Combat
 + Level 5.1 Spellcasting
 + Level 1.0 Conjurations
 + Level 1.0 Hexes
 + Level 5.5 Charms
 + Level 1.0 Summonings
 + Level 1.0 Necromancy
 + Level 1.0 Translocations
 + Level 1.0 Transmutations
 + Level 1.0 Fire Magic
 + Level 1.0 Ice Magic
 + Level 1.0 Air Magic
 + Level 1.0 Earth Magic
 + Level 1.0 Poison Magic
 + Level 1.3 Invocations
 + Level 1.2 Evocations


You had 4 spell levels left.
You knew the following spells:

 Your Spells              Type           Power        Failure   Level  Hunger
a - Infusion              Chrm           ###.         2%          1    None
b - Shroud of Golubria    Chrm/Tloc      ##....       11%         2    #......
c - Spectral Weapon       Hex/Chrm       ##......     22%         3    ###....
d - Regeneration          Chrm/Necr      ##........   22%         3    ###....

Your spell library contained the following spells:

 Spells                   Type           Power        Failure   Level  Hunger
 Song of Slaying          Chrm           ###.....     4%          2    #......


Dungeon Overview and Level Annotations

Branches:
Dungeon (3/15)

Altars:


Innate Abilities, Weirdness & Mutations

Your experience applies equally to all skills.
You have very sharp teeth.
Your uncanny sense of smell can sniff out nearby items.


Message History

The orc priest is severely wounded.
The orc hits you but does no damage. The orc barely misses you.
The orc priest barely misses you.
You closely miss the orc priest. Your bite misses the orc priest.
The orc priest is severely wounded.
The orc barely misses you.
You hit the orc priest.
You bite the orc priest, but do no damage.
The orc priest is almost dead.
The orc barely misses you. The orc priest barely misses you.
You hit the orc priest but do no damage.
The orc priest is almost dead.
The orc hits you but does no damage. The orc misses you.
The orc priest mumbles some strange prayers to Beogh against you.
Beogh smites you!
* * * LOW HITPOINT WARNING * * *
You hit the orc priest but do no damage.
The orc priest is almost dead.
The orc hits you.
You die...

#..# #..# #..# #..# ######..#
...##########.......#
..o....o...(..#####.#########
.o....######oo# #............
.oo.#.# #@o# #.#.........#
... #.# #..# #.#####...... #
#.# #..# #.# #.###.# #.# #..#
#<# #.# #.# #.# ####..# #)##
#.# #.#
#########.###.....###..# #.#
#.# ##.....................#
#.# #.#
..........###.########.# #.#
#.# ##.######## #.# #.#
#.###.#


You could see an orc priest and 2 orcs.

Vanquished Creatures
  3 adders (D:2)
  A worm (D:2)
  2 dart slugs
  2 leopard geckos
  2 orcs (D:3)
  6 bats
  A giant cockroach (D:3)
  4 goblins
  11 hobgoblins
  6 kobolds
  5 frilled lizards
  21 rats
64 creatures vanquished.

Notes
Turn   | Place    | Note
-------+----------+-------------------------------------------
     0 | D:1      | Iamsoldier the Gnoll Skald began the quest for the Orb.
     0 | D:1      | Reached XP level 1. HP: 20/20 MP: 6/6
   104 | D:1      | Reached XP level 2. HP: 11/26 MP: 7/7
   384 | D:1      | Learned a level 2 spell: Shroud of Golubria
  1101 | D:1      | Reached XP level 3. HP: 25/31 MP: 9/9
  1106 | D:1      | Learned a level 3 spell: Spectral Weapon
  1110 | D:1      | Learned a level 3 spell: Regeneration
  1350 | D:1      | Reached skill level 5 in Spellcasting
  1559 | D:2      | Reached skill level 1 in Invocations
  1920 | D:2      | Reached skill level 1 in Short Blades
  1920 | D:2      | Reached skill level 1 in Long Blades
  1920 | D:2      | Reached skill level 1 in Axes
  1920 | D:2      | Reached skill level 1 in Maces & Flails
  1920 | D:2      | Reached skill level 1 in Staves
  1920 | D:2      | Reached skill level 1 in Slings
  1920 | D:2      | Reached skill level 1 in Bows
  1920 | D:2      | Reached skill level 1 in Crossbows
  1920 | D:2      | Reached skill level 1 in Throwing
  1920 | D:2      | Reached skill level 1 in Stealth
  1920 | D:2      | Reached skill level 1 in Shields
  1920 | D:2      | Reached skill level 1 in Unarmed Combat
  1920 | D:2      | Reached skill level 1 in Evocations
  2082 | D:2      | Reached XP level 4. HP: 38/38 MP: 7/11
  2693 | D:3      | Reached skill level 1 in Conjurations
  2693 | D:3      | Reached skill level 1 in Hexes
  2693 | D:3      | Reached skill level 1 in Summonings
  2693 | D:3      | Reached skill level 1 in Necromancy
  2693 | D:3      | Reached skill level 1 in Translocations
  2693 | D:3      | Reached skill level 1 in Transmutations
  2693 | D:3      | Reached skill level 1 in Fire Magic
  2693 | D:3      | Reached skill level 1 in Ice Magic
  2693 | D:3      | Reached skill level 1 in Air Magic
  2693 | D:3      | Reached skill level 1 in Earth Magic
  2693 | D:3      | Reached skill level 1 in Poison Magic
  2785 | D:3      | Slain by an orc

Levels and vault maps discovered:
D:1:      erik_arrival_orb_chamber, layout_basic, corexii_leaking_fountain
D:2:      kb_forest_paths, layout_basic
D:3:      layout_loops_ring, minmay_shallow_snake_nest

Skill      XL: |  1  2  3  4 |
---------------+-------------+-----
Spellcasting   | 5 |  5.1
Invocations    | 1 |  1.3
Short Blades   | 1 |  1.2
Long Blades    | 1 |  1.2
Axes           | 1 |  1.2
Maces & Flails | 1 |  1.2
Staves         | 1 |  1.2
Slings         | 1 |  1.2
Bows           | 1 |  1.2
Crossbows      | 1 |  1.2
Throwing       | 1 |  1.2
Stealth        | 1 |  1.2
Shields        | 1 |  1.2
Unarmed Combat | 1 |  1.2
Evocations     | 1 |  1.2
Conjurations   | 1 |  1.0
Hexes          | 1 |  1.0
Summonings     | 1 |  1.0
Necromancy     | 1 |  1.0
Translocations | 1 |  1.0
Transmutations | 1 |  1.0
Fire Magic     | 1 |  1.0
Ice Magic      | 1 |  1.0
Air Magic      | 1 |  1.0
Earth Magic    | 1 |  1.0
Poison Magic   | 1 |  1.0
Fighting       | |  4.6
Polearms       | |  4.6
Armour         | |  2.8
Dodging        | |  4.6
Charms         | |  5.5

Action                   |  1- 3 |  4- 6 || total
-------------------------+-------+-------++-------
Melee: Spear             |   121 |    58 ||   179
       Bite              |     9 |     6 ||    15
 Cast: Infusion          |     8 |     5 ||    13
       Spectral Weapon   |     1 |     1 ||     2
       Shroud of Golubri |       |     1 ||     1
  Use: Scroll            |       |     1 ||     1
       Potion            |       |     1 ||     1
 Stab: Sleeping          |     3 |     3 ||     6
  Eat: Chunk             |     4 |     2 ||     6
Armor: Leather armour    |    11 |     2 ||    13
Dodge: Dodged            |    55 |    34 ||    89
Block: Buckler           |       |     4 ||     4
